 Dungeon Crawl Stone Soup version 0.30-a0-883-g5ad918d77d (webtiles) character file.

Game seed: 2097674292162986471

105 lunkers the Slasher (level 5, -9/34 (41) HPs)
             Began as a Meteoran Reaver on Mar 17, 2023.
             Was a Follower of Okawaru.
             Mangled by a gnoll
             ... wielding a +0 halberd
              (11 damage)
             ... on level 3 of the Dungeon.
             The game lasted 00:03:03 (1054 turns).

lunkers the Slasher (Meteoran Reaver)               Turns: 1054, Time: 00:03:04

HP:   -9/34 (41)    AC:  7    Str: 15    XL:     5   Next: 31%
MP:   8/10          EV: 13    Int: 15    God:    Okawaru [*.....]
Gold: 127           SH:  0    Dex: 12    Spells: 8/9 levels left

rFire   . . .      SeeInvis .    a - +0 falchion
rCold   . . .      Faith    .    (no shield)
rNeg    . . .      Spirit   .    e - +0 ring mail
rPois   .          Reflect  .    d - +0 helmet
rElec   .          Rampage  .    (no cloak)
rCorr   .                        (no gloves)
Will    .....                    (no boots)
Stlth   +                        (no amulet)
HPRegen 0.25/turn                (no ring)
MPRegen 0.12/turn                (no ring)

@: heroic, glowing, heavily drained
A: sense surroundings 1, otherworldly, glowing, explore regen
a: Renounce Religion, Heroism


You were on level 3 of the Dungeon.
You worshipped Okawaru.
Okawaru was aware of your devotion.
You visited 1 branch of the dungeon, and saw 3 of its levels.

You collected 127 gold pieces.

Inventory:

Hand Weapons
 a - a +0 falchion (weapon)
 p - a +0 rapier
Armour
 b - a +0 leather armour
 d - a +0 helmet (worn)
 e - a +0 ring mail (worn)
Wands
 m - a wand of flame (2)
Scrolls
 c - 6 scrolls of identify {unknown}
 g - a scroll of enchant armour {unknown}
 j - 3 scrolls of immolation {unknown}
 o - 2 scrolls of enchant weapon {unknown}
 q - a scroll of teleportation {unknown}
Potions
 f - a potion of magic {unknown}
 h - 2 potions of lignification {unknown}
 i - a potion of haste {unknown}
 k - a potion of brilliance {unknown}
 l - a potion of attraction {unknown}
 n - a potion of flight {unknown}


   Skills:
 - Level 2.1(7.1) Fighting
 * Level 5.5(10.5) Long Blades
 - Level 2.4(7.4) Dodging
 - Level 2.8 Spellcasting
 - Level 3.9 Conjurations
 + Level 2.7 Invocations


You had 8 spell levels left.
You knew the following spells:

 Your Spells              Type           Power      Damage    Failure   Level
p - Kiss of Death         Conj/Necr      32%        2d7       17%         1

Your spell library contained the following spells:

 Spells                   Type           Power      Damage    Failure   Level
 Momentum Strike          Conj/Tloc      16%        3d8       26%         2
 Apportation              Tloc           4%         N/A       36%         1
 Hailstorm                Conj/Ice       8%         3d4       45%         3
 Alistair's Intoxication  Tmut/Pois      1%         N/A       100%        5


Dungeon Overview and Level Annotations

Branches:
Dungeon (3/15) Zot: 743

Altars:
Okawaru


Innate Abilities, Weirdness & Mutations

You passively map a small area around you.
You are easily found by Zot.
You glow in the dark.
You regain HP and MP as you explore.


Message History

The gnoll is heavily wounded.
The gnoll misses you.
The gnoll hits you with a +1 spear of freezing.
The gnoll freezes you. The gnoll barely misses you.
You barely miss the gnoll.
The gnoll is heavily wounded.
The gnoll barely misses you. x2; The gnoll misses you.
You slash the gnoll!
You kill the gnoll!
Okawaru accepts your kill. The gnoll completely misses you.
The gnoll misses you.
You barely miss the gnoll. The gnoll hits you with a +0 club.
* * * LOW HITPOINT WARNING * * *
The gnoll hits you from afar with a +0 halberd!
* * * LOW HITPOINT WARNING * * *
The gnoll barely misses you.
You hit the gnoll but do no damage. You hit the gnoll.
The gnoll is moderately wounded.
The gnoll closely misses you.
The gnoll hits you from afar with a +0 halberd!
* * * LOW HITPOINT WARNING * * *
The gnoll hits you but does no damage.
You barely miss the gnoll.
The gnoll is moderately wounded.
The gnoll hits you but does no damage. x2
The gnoll hits you from afar with a +0 halberd.
* * * LOW HITPOINT WARNING * * *
Casting: Kiss of Death (safe; 17% risk of failure)
Confirm with . or Enter, or press ? or * to list all spells.
Aiming: Kiss of Death (safe; 17% risk of failure)
Press: ? - help, Shift-Dir - straight line, f - gnoll
Aim: a gnoll, wielding a +0 club (moderately wounded, 100% to hit)
The negative energy hits the gnoll.
The gnoll is drained!
The gnoll is heavily wounded.
You feel drained.
The gnoll hits you from afar with a +0 spear.
* * * LOW HITPOINT WARNING * * *
The gnoll hits you from afar with a +0 halberd!
You die...

, #.#..# ...., ####....#....
........... , #.!...#.. , **
####....... ,... ,........gg ,
... .........#,,...., ,
.......g@# .......#..
.#......##.........# *
###............#..# *
#######...#........## ,
,........### ........ # ..
...#.......####.....##. .##
..#...#..###.......[.(....,
..##....#.......###...........
,
....#........##......†.......##


You could see 3 gnolls.

Vanquished Creatures
  Jessica (D:3)
  4 gnolls
  An adder (D:3)
  2 dart slugs
  4 bats
  3 endoplasms (D:2)
  3 giant cockroaches (D:2)
  A goblin (D:1)
  3 hobgoblins
  3 ball pythons
  2 kobolds
  3 rats
30 creatures vanquished.

Notes
Turn   | Place    | Note
-------+----------+-------------------------------------------
     0 | D:1      | lunkers the Meteoran Reaver began the quest for the Orb.
     0 | D:1      | Reached XP level 1. HP: 17/17 MP: 5/5
   152 | D:1      | Reached XP level 2. HP: 24/24 MP: 6/6
   181 | D:1      | Found a faded altar of an unknown god.
   185 | D:1      | Prayed at the altar of an unknown god.
   185 | D:1      | Became a worshipper of Warmaster Okawaru
   185 | D:1      | Reached * piety under Okawaru
   495 | D:1      | Glimpsed the power of Zot.
   543 | D:1      | Reached skill level 4 in Long Blades
   543 | D:1      | Reached skill level 1 in Invocations
   543 | D:1      | Reached XP level 3. HP: 7/21 MP: 5/8
   766 | D:2      | Reached XP level 4. HP: 10/33 MP: 7/9
   884 | D:3      | Noticed Jessica
   947 | D:3      | Killed Jessica
   948 | D:3      | Reached skill level 5 in Long Blades
   948 | D:3      | Reached XP level 5. HP: 19/41 MP: 7/10
  1054 | D:3      | Mangled by a gnoll

Illustrated notes

Levels and vault maps discovered:
D:1:      tarquinn_simple_flora_water_d, layout_basic,
          nicolae_ecumenical_lake_church
D:2:      layout_loops_ring, serial_shops, nicolae_square_shop,
          kennysheep_path_1, grunt_decor_cap
D:3:      layout_rooms, minmay_misc_feat_tower, uniq_jessica

Skill      XL: |  1  2  3  4 |
---------------+-------------+-----
Long Blades    | 4 5 |  5.5
Invocations    | 1 2 |  2.7
Fighting       | |  2.1
Dodging        | |  2.4
Spellcasting   | |  2.8
Conjurations   | |  3.9

Action                     |  1- 3 |  4- 6 || total
---------------------------+-------+-------++-------
  Melee: Falchion          |    67 |    44 ||   111
   Cast: Kiss of Death     |     2 |     1 ||     3
 Invoke: Heroism           |     1 |     3 ||     4
 Armour: Leather armour    |    41 |    12 ||    53
         Ring mail         |       |     4 ||     4
  Dodge: Dodged            |    43 |    42 ||    85

Table legend: (Time is in decaauts)
 A = Elapsed time spent in this place.
 B = Non-inter-level travel time spent in this place.
 C = Inter-level travel time spent in this place.
 D = Time resting spent in this place.
 E = Time spent auto-exploring this place.
 F = Levels seen in this place.
 G = Mean time per level.
                   A        B        C        D        E       F      G
               +--------+--------+--------+--------+--------+-----+--------+
         Total |   1055 |    943 |    112 |      0 |    631 |   3 |  351.7 |
       Dungeon |   1055 |    943 |    112 |      0 |    631 |   3 |  351.7 |
               +--------+--------+--------+--------+--------+-----+--------+

Top non-repeatable levels by time:
     D:1: 595 daAuts
     D:2: 338 daAuts
     D:3: 122 daAuts
